[Event "Krakow Championship-B 2022"]
[Site "Krakow"]
[Date "2022.06.29"]
[Round "6.2"]
[White "Stemmler, Fabian"]
[Black "Zamekhovskiy, Yevgen"]
[Result "1-0"]
[ECO "B11"]
[WhiteElo "2054"]
[BlackElo "1926"]
[Annotator "NA RC"]
[PlyCount "101"]
[EventDate "2022.06.25"]
[EventType "swiss"]
[EventCountry "POL"]
[SourceTitle "playchess.com"]
[Source "ChessBase"]
[SourceQuality "1"]
[TimeControl "40/5400+30:1800+30"]

1. e4 c6 2. Nf3 d5 3. Nc3 Bg4 4. h3 Bxf3 5. Qxf3 Nf6 6. Be2 dxe4 7. Nxe4 Nxe4 8. Qxe4 Qd5 9. Bf3 Qxe4+ 10. Bxe4 e5 11. O-O Bc5 12. b4 Bb6 13. a4 O-O 14. d3 Nd7 15. b5 f5 16. Bf3 Nf6 17. Ba3 Rf7 18. bxc6 e4 19. cxb7 Rxb7 20. Be2 Rc7 21. c4 Rd8 22. Rad1 Rcd7 23. dxe4 Rxd1 24. Rxd1 Rxd1+ 25. Bxd1 Nxe4 26. Bf3 Bxf2+ 27. Kf1 Bc5 28. Bc1 Nc3 29. a5 Kf7 30. Bb2 Bb4 31. a6 Ke6 32. Kf2 f4 33. Bg4+ Ke5 34. Kf3 Kd4 35. Kxf4 Kxc4 36. Ke5 Bc5 37. Be6+ Kb4 38. Bg8 h6 39. Be6 Bb6 40. Kf5 Bd4 41. Bc1 Ka5 42. Bc8 Kb6 43. Bb2 Kc7 44. Bb7 Kd7 45. Kg6 Ke6 46. Ba3 Ne2 47. Bc8+ Kd5 48. Bf8 Nf4+ 49. Kf7 Nh5 50. Bb7+ Kc4 51. Bf3 1-0

[Event "Krakow Championship-B 2022"]
[Site "Krakow"]
[Date "2022.06.29"]
[Round "6.3"]
[White "Owoc, Jakub"]
[Black "Hnatyshyn, Anastasiia"]
[Result "0-1"]
[ECO "B24"]
[WhiteElo "1741"]
[BlackElo "1890"]
[Annotator "NA RC"]
[PlyCount "46"]
[EventDate "2022.06.25"]
[EventType "swiss"]
[EventCountry "POL"]
[SourceTitle "playchess.com"]
[Source "ChessBase"]
[SourceQuality "1"]
[TimeControl "40/5400+30:1800+30"]

1. e4 c5 2. Nc3 Nc6 3. Bb5 g6 4. Bxc6 dxc6 5. d3 Bg7 6. Be3 b6 7. Qd2 Be6 8. f4 Nf6 9. h3 h5 10. Nf3 Qd7 11. O-O h4 12. Bf2 O-O-O 13. Bxh4 Rh5 14. Ne5 Qc7 15. Bg3 Rh7 16. Rf3 Nh5 17. Bh2 g5 18. Ne2 Nxf4 19. Ng4 Bxg4 20. Bxf4 gxf4 21. hxg4 Rdh8 22. Kf1 Rh1+ 23. Ng1 Bd4 0-1

[Event "Krakow Championship-B 2022"]
[Site "Krakow"]
[Date "2022.06.29"]
[Round "6.4"]
[White "Khandhar, Kaushal"]
[Black "Kulesza, Andrzej"]
[Result "1-0"]
[ECO "A40"]
[WhiteElo "1936"]
[BlackElo "1998"]
[Annotator "NA RC"]
[PlyCount "51"]
[EventDate "2022.06.25"]
[EventType "swiss"]
[EventCountry "POL"]
[SourceTitle "playchess.com"]
[Source "ChessBase"]
[SourceQuality "1"]
[TimeControl "40/5400+30:1800+30"]

1. d4 Nf6 2. c4 e6 3. g3 Bb4+ 4. Bd2 a5 5. Bg2 Nc6 6. Nf3 O-O 7. O-O Re8 8. Bg5 Bf8 9. Nc3 h6 10. Bf4 d6 11. e4 Qe7 12. e5 dxe5 13. dxe5 Nd7 14. h4 Qc5 15. Qe2 Nd4 16. Nxd4 Qxd4 17. Rad1 Qa7 18. h5 a4 19. Be4 Bb4 20. Nb5 Qa5 21. a3 Bc5 22. Bc2 Nf8 23. Bxh6 Nd7 24. Qg4 Bf8 25. Bxg7 Bxg7 26. h6 1-0

[Event "Krakow Championship-B 2022"]
[Site "Krakow"]
[Date "2022.06.29"]
[Round "6.5"]
[White "Duncan, Patrick C M"]
[Black "Budkiewicz, Magdalena"]
[Result "1-0"]
[ECO "A01"]
[WhiteElo "2013"]
[BlackElo "1916"]
[Annotator "NA RC"]
[PlyCount "39"]
[EventDate "2022.06.25"]
[EventType "swiss"]
[EventCountry "POL"]
[SourceTitle "playchess.com"]
[Source "ChessBase"]
[SourceQuality "1"]
[TimeControl "40/5400+30:1800+30"]

1. b3 e5 2. Bb2 Nc6 3. e3 d5 4. Bb5 Bd6 5. f4 Qe7 6. Nf3 Bg4 7. O-O f6 8. h3 Bh5 9. c4 dxc4 10. fxe5 fxe5 11. Bxc6+ bxc6 12. Qc2 Bf7 13. bxc4 Nf6 14. c5 Bxc5 15. d4 exd4 16. exd4 O-O 17. Re1 Bxd4+ 18. Bxd4 Qd7 19. Bxf6 gxf6 20. Nbd2 1-0

[Event "Krakow Championship-B 2022"]
[Site "Krakow"]
[Date "2022.06.29"]
[Round "6.6"]
[White "Malik, Maciej"]
[Black "Garsky, Vladyslav"]
[Result "1/2-1/2"]
[ECO "D04"]
[WhiteElo "1984"]
[BlackElo "1860"]
[Annotator "NA RC"]
[PlyCount "117"]
[EventDate "2022.06.25"]
[EventType "swiss"]
[EventCountry "POL"]
[SourceTitle "playchess.com"]
[Source "ChessBase"]
[SourceQuality "1"]
[TimeControl "40/5400+30:1800+30"]

1. d4 Nf6 2. Nf3 d5 3. e3 g6 4. c4 c6 5. Nc3 Bg7 6. Qb3 O-O 7. Bd2 b6 8. cxd5 cxd5 9. Rc1 Bb7 10. Ne5 Nfd7 11. Nd3 Nf6 12. f3 Nc6 13. Nc5 Bc8 14. Na6 e5 15. Na4 exd4 16. Rxc6 dxe3 17. Bb4 Re8 18. Nc7 d4 19. Bd3 Bb7 20. Rc2 Nd5 21. Nxe8 Qxe8 22. Ba3 Nf4 23. Bb5 Qd8 24. O-O d3 25. Bxd3 Nxd3 26. Rd1 Qd4 27. Re2 Ba6 28. Nc3 Qe5 29. Qa4 Nc5 30. Bxc5 Bxe2 31. Qc6 Re8 32. Bd6 Bxd1 33. Bxe5 Rxe5 34. Kf1 Bf8 35. Nxd1 e2+ 36. Ke1 Bc5 37. Qa4 a5 38. Qh4 exd1=Q+ 39. Kxd1 Rd5+ 40. Kc2 Kg7 41. Qe4 Rd4 42. Qe5+ Kg8 43. b3 Rd8 44. Qc7 Rd4 45. a3 Rd6 46. a4 Bb4 47. g4 Rd2+ 48. Kc1 Rd3 49. Qb8+ Kg7 50. Qe5+ Kg8 51. f4 Rxb3 52. h4 Bf8 53. h5 Rb4 54. hxg6 hxg6 55. g5 Rxa4 56. Kd2 Rb4 57. f5 gxf5 58. Qxf5 Bg7 59. Qc8+ 1/2-1/2

[Event "Krakow Championship-B 2022"]
[Site "Krakow"]
[Date "2022.06.29"]
[Round "6.7"]
[White "Matuszczyk, Mateusz"]
[Black "Maciejewski, Kamil"]
[Result "0-1"]
[ECO "C95"]
[WhiteElo "1830"]
[BlackElo "1939"]
[Annotator "NA RC"]
[PlyCount "118"]
[EventDate "2022.06.25"]
[EventType "swiss"]
[EventCountry "POL"]
[SourceTitle "playchess.com"]
[Source "ChessBase"]
[SourceQuality "1"]
[TimeControl "40/5400+30:1800+30"]

1. e4 e5 2. Nf3 Nc6 3. Bb5 a6 4. Ba4 Nf6 5. O-O Be7 6. Re1 b5 7. Bb3 d6 8. c3 O-O 9. h3 Nb8 10. d4 Nbd7 11. a4 Bb7 12. Nbd2 c5 13. Bc2 Qc7 14. Nf1 Rfc8 15. Bb1 Nb6 16. Ne3 cxd4 17. cxd4 Nxa4 18. Nd5 Nxd5 19. exd5 exd4 20. Bg5 Re8 21. Qxd4 Bxg5 22. Bxh7+ Kxh7 23. Nxg5+ Kg8 24. Qh4 Qc2 25. Rec1 Qg6 26. Rc7 Bxd5 27. Rd1 Nb6 28. Rd4 Rac8 29. Ra7 Rc4 30. Rxc4 Nxc4 31. f3 f6 32. Ne4 Bxe4 33. fxe4 Qxe4 34. Qxe4 Rxe4 35. Rxa6 Nxb2 36. Rxd6 Rb4 37. Kf2 Nc4 38. Rd8+ Kh7 39. Rb8 Rb2+ 40. Kf3 Ne5+ 41. Ke4 Rxg2 42. Rxb5 Rg3 43. h4 Rg4+ 44. Kf5 Rxh4 45. Rb7 Rh1 46. Rb2 Rf1+ 47. Ke6 g5 48. Rh2+ Kg6 49. Rh8 g4 50. Rf8 Kg5 51. Rg8+ Kh4 52. Rh8+ Kg3 53. Rh5 Kg2 54. Kd5 g3 55. Ke4 Kg1 56. Ke3 g2 57. Ke2 Rf2+ 58. Ke1 Nf3+ 59. Kd1 Kf1 0-1

[Event "Krakow Championship-B 2022"]
[Site "Krakow"]
[Date "2022.06.29"]
[Round "6.8"]
[White "Szopa, Emilia"]
[Black "Cichon, Jakub"]
[Result "0-1"]
[ECO "B20"]
[WhiteElo "1839"]
[BlackElo "1884"]
[Annotator "NA RC"]
[PlyCount "82"]
[EventDate "2022.06.25"]
[EventType "swiss"]
[EventCountry "POL"]
[SourceTitle "playchess.com"]
[Source "ChessBase"]
[SourceQuality "1"]
[TimeControl "40/5400+30:1800+30"]

1. e4 c5 2. Ne2 Nf6 3. e5 Nd5 4. c3 d6 5. exd6 exd6 6. d3 Nc6 7. Ng3 g6 8. Be2 Bg7 9. O-O O-O 10. Na3 a6 11. f4 f5 12. Bf3 Nf6 13. Nc2 Re8 14. Be3 Bd7 15. Qd2 Qc7 16. Rae1 Rab8 17. b3 b5 18. b4 Ne7 19. bxc5 dxc5 20. d4 Ned5 21. Bxd5+ Nxd5 22. dxc5 Nxe3 23. Nxe3 Be6 24. Ne2 Qxc5 25. Nd4 Bf7 26. Nec2 Red8 27. Kh1 Rbc8 28. Rf3 Bd5 29. Rfe3 Be4 30. Qf2 Qb6 31. Rxe4 fxe4 32. Rxe4 Rxc3 33. Qe1 Rcc8 34. Ne6 Rd7 35. Nxg7 Kxg7 36. Re7+ Rxe7 37. Qxe7+ Kg8 38. Qd7 Rd8 39. Qe7 Qd6 40. Qe3 Qd1+ 41. Ne1 Qd7 0-1

[Event "Krakow Championship-B 2022"]
[Site "Krakow"]
[Date "2022.06.29"]
[Round "6.9"]
[White "Cichon, Bartlomiej"]
[Black "Karut, Kacper"]
[Result "1/2-1/2"]
[ECO "B58"]
[WhiteElo "1895"]
[BlackElo "1775"]
[Annotator "NA RC"]
[PlyCount "82"]
[EventDate "2022.06.25"]
[EventType "swiss"]
[EventCountry "POL"]
[SourceTitle "playchess.com"]
[Source "ChessBase"]
[SourceQuality "1"]
[TimeControl "40/5400+30:1800+30"]

1. e4 c5 2. Nf3 d6 3. d4 cxd4 4. Nxd4 Nf6 5. Nc3 Nc6 6. Be2 e5 7. Nf3 h6 8. O-O Be7 9. Re1 Be6 10. Bf1 Qa5 11. Bd2 Qd8 12. Bc1 Qa5 13. Bd2 Qd8 14. Na4 Bg4 15. h3 Bh5 16. c4 Nd4 17. g4 Nxf3+ 18. Qxf3 Bg6 19. Nc3 O-O 20. Rad1 h5 21. Bg5 hxg4 22. hxg4 Nh7 23. Bxe7 Qxe7 24. Bg2 Rfd8 25. Rd3 Ng5 26. Qe3 Ne6 27. Red1 Nf4 28. R3d2 a6 29. Nd5 Qg5 30. Nxf4 exf4 31. Qf3 Re8 32. Rd5 Re5 33. Qe2 Qe7 34. f3 Rxd5 35. Rxd5 Rc8 36. g5 Rc5 37. Qd3 Rxd5 38. Qxd5 Qc7 39. Qd4 Qa5 40. a3 Qe1+ 41. Kh2 Qg3+ 1/2-1/2

[Event "Krakow Championship-B 2022"]
[Site "Krakow"]
[Date "2022.06.29"]
[Round "6.10"]
[White "Cwiek, Ryszard"]
[Black "Klementys, Jerzy"]
[Result "1-0"]
[ECO "B20"]
[WhiteElo "1880"]
[BlackElo "1614"]
[Annotator "NA RC"]
[PlyCount "85"]
[EventDate "2022.06.25"]
[EventType "swiss"]
[EventCountry "POL"]
[SourceTitle "playchess.com"]
[Source "ChessBase"]
[SourceQuality "1"]
[TimeControl "40/5400+30:1800+30"]

1. e4 c5 2. b3 Nc6 3. Bb2 d6 4. Bb5 Bd7 5. d3 a6 6. Bxc6 Bxc6 7. f4 e6 8. Nf3 Nf6 9. O-O Be7 10. Nbd2 b5 11. c4 b4 12. Qe2 a5 13. e5 dxe5 14. Nxe5 Bb7 15. a4 bxa3 16. Rxa3 O-O 17. Bc3 Bd6 18. Rfa1 Bc7 19. Ne4 Nxe4 20. dxe4 f6 21. Rd1 Qc8 22. Nd3 Rd8 23. Raa1 Qb8 24. Qg4 e5 25. fxe5 fxe5 26. Bxe5 Bxe5 27. Qe6+ Kh8 28. Nxe5 Rxd1+ 29. Rxd1 Qe8 30. Qxe8+ Rxe8 31. Nf7+ Kg8 32. Nd6 Rb8 33. Ra1 Bc6 34. Rxa5 Rxb3 35. Rxc5 Rb6 36. e5 Kf8 37. e6 Ra6 38. Re5 Ra7 39. Nf5 g6 40. e7+ Kg8 41. e8=Q+ Bxe8 42. Rxe8+ Kf7 43. Nd6+ 1-0

[Event "Krakow Championship-B 2022"]
[Site "Krakow"]
[Date "2022.06.29"]
[Round "6.11"]
[White "Tokarz, Izabela"]
[Black "Al-Hajiri, Bader"]
[Result "1-0"]
[ECO "A67"]
[WhiteElo "1690"]
[BlackElo "2052"]
[Annotator "NA RC"]
[PlyCount "66"]
[EventDate "2022.06.25"]
[EventType "swiss"]
[EventCountry "POL"]
[SourceTitle "playchess.com"]
[Source "ChessBase"]
[SourceQuality "1"]
[TimeControl "40/5400+30:1800+30"]

1. d4 Nf6 2. c4 c5 3. d5 e6 4. Nc3 exd5 5. cxd5 d6 6. e4 g6 7. f4 Bg7 8. Bb5+ Bd7 9. Bxd7+ Nbxd7 10. Nf3 O-O 11. O-O Re8 12. Re1 c4 13. h3 Nc5 14. e5 dxe5 15. fxe5 Nfd7 16. e6 fxe6 17. dxe6 Nd3 18. Re2 Qb6+ 19. Be3 Qxe6 20. Bxa7 N7e5 21. Nxe5 Bxe5 22. Bf2 Rad8 23. Qa4 Nxf2 24. Rxf2 Bd4 25. Raf1 Rf8 26. Nd1 Qe2 27. Qa5 Rxf2 28. Nxf2 Bxf2+ 29. Kh2 b6 30. Qg5 Rd3 31. Qf6 Rxh3+ 32. gxh3 Bd4+ 33. Rf2 Qxf2+ 1-0

[Event "Krakow Championship-B 2022"]
[Site "Krakow"]
[Date "2022.06.29"]
[Round "6.12"]
[White "Czaplak, Lukasz"]
[Black "Gajzner, Ryszard"]
[Result "1-0"]
[ECO "E19"]
[WhiteElo "1905"]
[BlackElo "1731"]
[Annotator "NA RC"]
[PlyCount "93"]
[EventDate "2022.06.25"]
[EventType "swiss"]
[EventCountry "POL"]
[SourceTitle "playchess.com"]
[Source "ChessBase"]
[SourceQuality "1"]
[TimeControl "40/5400+30:1800+30"]

1. d4 Nf6 2. Nf3 e6 3. g3 b6 4. Bg2 Bb7 5. O-O Be7 6. c4 O-O 7. Nc3 Ne4 8. Qc2 Nxc3 9. Qxc3 Be4 10. Ne1 Bxg2 11. Nxg2 c5 12. d5 exd5 13. cxd5 Bf6 14. Qc2 d6 15. e4 Nd7 16. Ne3 g6 17. Nc4 Ne5 18. Nxe5 Bxe5 19. Kg2 Qd7 20. Bh6 Rfe8 21. f4 Bd4 22. f5 Qe7 23. fxg6 hxg6 24. Rae1 Bg7 25. Bxg7 Kxg7 26. Qf2 f6 27. h4 Rh8 28. Qf4 Rh5 29. Qg4 Re5 30. Rf4 Rf8 31. Ref1 Kh6 32. R1f2 Qf7 33. Rxf6 Qxf6 34. Rxf6 Rxf6 35. Qc8 Kg7 36. Qd7+ Rf7 37. Qxd6 Rxe4 38. Kh3 Rd4 39. Qe5+ Kh7 40. Qe6 Kg7 41. Qe5+ Kh7 42. h5 gxh5 43. Qxh5+ Kg8 44. Qg6+ Kf8 45. d6 Rd7 46. Qf6+ Rf7 47. Qh8# 1-0

[Event "Krakow Championship-B 2022"]
[Site "Krakow"]
[Date "2022.06.30"]
[Round "7.1"]
[White "Szczurek, Krzysztof"]
[Black "Stemmler, Fabian"]
[Result "1-0"]
[ECO "B06"]
[WhiteElo "2151"]
[BlackElo "2054"]
[Annotator "RC"]
[PlyCount "107"]
[EventDate "2022.06.25"]
[EventType "swiss"]
[EventCountry "POL"]
[SourceTitle "playchess.com"]
[Source "ChessBase"]
[SourceQuality "1"]
[TimeControl "40/5400+30:1800+30"]

1. e4 g6 2. d4 Bg7 3. Nc3 d6 4. Be3 a6 5. f3 b5 6. Qd2 Nd7 7. g4 Bb7 8. h4 h5 9. g5 e6 10. Bh3 Ne7 11. Nge2 O-O 12. O-O-O d5 13. Ng3 c5 14. dxc5 Ne5 15. Qe2 Nc4 16. Bd4 e5 17. Bf2 Qa5 18. a3 b4 19. Na2 bxa3 20. b3 Nb2 21. Rdg1 d4 22. Be1 Qb5 23. Bb4 d3 24. Qd2 Nc6 25. Bxa3 dxc2 26. Kxb2 Nd4 27. Qc3 Rfb8 28. Nc1 Bc6 29. Bf1 Qb7 30. Bc4 a5 31. Ka2 a4 32. b4 Bf8 33. Nce2 Nb5 34. Bxb5 Qxb5 35. Qxc2 Bd7 36. Ka1 Be6 37. Rc1 Bb3 38. Nc3 Qc4 39. Qb2 Bxc5 40. bxc5 Bd1 41. Nxd1 Qe6 42. Qa2 Rb3 43. c6 Rc8 44. c7 Qd7 45. Nc3 Qd4 46. Nge2 Qe3 47. Nd5 Qxf3 48. Nec3 Kg7 49. Bd6 Ra8 50. Bxe5+ Kh7 51. Rhf1 Qd3 52. Rxf7+ Kg8 53. Rg7+ Kf8 54. Qf2+ 1-0

[Event "Krakow Championship-B 2022"]
[Site "Krakow"]
[Date "2022.06.30"]
[Round "7.2"]
[White "Khandhar, Kaushal"]
[Black "Skomial, Mateusz"]
[Result "0-1"]
[ECO "D00"]
[WhiteElo "1936"]
[BlackElo "2063"]
[Annotator "RC"]
[PlyCount "144"]
[EventDate "2022.06.25"]
[EventType "swiss"]
[EventCountry "POL"]
[SourceTitle "playchess.com"]
[Source "ChessBase"]
[SourceQuality "1"]
[TimeControl "40/5400+30:1800+30"]

1. d4 d5 2. Bf4 Nf6 3. e3 e6 4. Nf3 c5 5. c3 Nc6 6. Nbd2 cxd4 7. exd4 Bd6 8. Bg3 Qc7 9. Bd3 O-O 10. O-O Bd7 11. Re1 Bxg3 12. hxg3 Qb6 13. Rb1 h6 14. Qe2 Rfe8 15. Ne5 Nxe5 16. dxe5 Nh7 17. Nf3 a6 18. Nd4 Qc5 19. g4 b5 20. a3 Rab8 21. Bxh7+ Kxh7 22. g5 Rh8 23. gxh6 g6 24. Qd2 Qf8 25. g3 Qxh6 26. Qxh6+ Kxh6 27. Kg2 Kg7 28. Rh1 Rxh1 29. Rxh1 a5 30. b4 Rc8 31. Rc1 a4 32. f4 Rh8 33. g4 Rc8 34. Kg3 Rc4 35. Kf2 Rc8 36. g5 Rh8 37. Kg3 Kf8 38. Rd1 Ke7 39. Kg2 Rh4 40. Kg3 Rh8 41. Nf3 Rc8 42. Rd3 Rh8 43. Kg2 Bc6 44. Nd4 Bd7 45. Rh3 Rc8 46. Kf2 Rc4 47. Ke2 Be8 48. Kd2 Rc7 49. Rh7 Rc8 50. Rh8 Rc7 51. Kd3 Rc4 52. Rg8 Rc8 53. Kd2 Rc4 54. Rh8 Rc7 55. Nc2 Rc4 56. Rh4 Bd7 57. Ne3 Re4 58. Kd3 Bc6 59. Ng2 Rc4 60. Ne1 d4 61. cxd4 Rc1 62. Kd2 Ra1 63. Rh3 Be4 64. Rc3 Kd7 65. Nd3 Bxd3 66. Kxd3 Rd1+ 67. Ke2 Ra1 68. Rc5 Ra2+ 69. Ke3 Rxa3+ 70. Ke4 Ra1 71. Rxb5 a3 72. Ra5 a2 0-1

[Event "Krakow Championship-B 2022"]
[Site "Krakow"]
[Date "2022.06.30"]
[Round "7.3"]
[White "Hnatyshyn, Anastasiia"]
[Black "Duncan, Patrick C M"]
[Result "1/2-1/2"]
[ECO "B12"]
[WhiteElo "1890"]
[BlackElo "2013"]
[Annotator "NA RC"]
[PlyCount "65"]
[EventDate "2022.06.25"]
[EventType "swiss"]
[EventCountry "POL"]
[SourceTitle "playchess.com"]
[Source "ChessBase"]
[SourceQuality "1"]
[TimeControl "40/5400+30:1800+30"]

1. e4 c6 2. d4 d5 3. e5 Bf5 4. Nd2 e6 5. Nb3 Nd7 6. Nf3 Ne7 7. Be2 Nc8 8. a4 Be7 9. O-O O-O 10. Ne1 f6 11. f4 fxe5 12. fxe5 Be4 13. Nd3 Bxd3 14. Qxd3 Rxf1+ 15. Bxf1 Nf8 16. a5 a6 17. Qg3 Kh8 18. Bd3 Na7 19. Be3 Nb5 20. Rf1 Nc7 21. Qh3 g6 22. Bh6 Kg8 23. Qg4 Qe8 24. h4 Qd8 25. h5 g5 26. Nc5 Bxc5 27. dxc5 Qe7 28. Bxg5 Qg7 29. h6 Qd7 30. Be7+ Ng6 31. Bxg6 Qxe7 32. Bf7+ Kf8 33. Qg7# 1/2-1/2

[Event "Krakow Championship-B 2022"]
[Site "Krakow"]
[Date "2022.06.30"]
[Round "7.4"]
[White "Zamekhovskiy, Yevgen"]
[Black "Malik, Maciej"]
[Result "1/2-1/2"]
[ECO "D70"]
[WhiteElo "1926"]
[BlackElo "1984"]
[Annotator "NA RC"]
[PlyCount "99"]
[EventDate "2022.06.25"]
[EventType "swiss"]
[EventCountry "POL"]
[SourceTitle "playchess.com"]
[Source "ChessBase"]
[SourceQuality "1"]
[TimeControl "40/5400+30:1800+30"]

1. d4 Nf6 2. c4 g6 3. Nf3 Bg7 4. g3 O-O 5. Bg2 d6 6. O-O Nbd7 7. Nc3 c6 8. h3 e5 9. e4 Qc7 10. Be3 Re8 11. Qc2 Nf8 12. Rac1 Nh5 13. c5 exd4 14. Nxd4 dxc5 15. Nde2 Ne6 16. Rcd1 Qe7 17. g4 Nd4 18. Qc1 Nf6 19. Nxd4 cxd4 20. Bxd4 Be6 21. f4 Bc4 22. Rfe1 Nd7 23. Qe3 Bf8 24. Qf2 Nc5 25. Bf1 Bxf1 26. Kxf1 Ne6 27. Be3 Rad8 28. f5 Nc5 29. Bd4 Rxd4 30. Qxd4 Qh4 31. Kg2 Na6 32. Rf1 Nb4 33. a3 c5 34. Qf2 Qxf2+ 35. Kxf2 Nc6 36. Rd7 b6 37. Nd5 Kg7 38. fxg6 hxg6 39. Ke3 Ne5 40. Rxa7 Bd6 41. Rb7 Rh8 42. Nf4 Kh6 43. Rd1 Nc4+ 44. Kf3 Kg5 45. Rxd6 Nxd6 46. Rxb6 Nc4 47. Rb5 Nd2+ 48. Ke2 Nxe4 49. Nd3 Rxh3 50. Nxc5 1/2-1/2

[Event "Krakow Championship-B 2022"]
[Site "Krakow"]
[Date "2022.06.30"]
[Round "7.5"]
[White "Maciejewski, Kamil"]
[Black "Garsky, Vladyslav"]
[Result "0-1"]
[ECO "A04"]
[WhiteElo "1939"]
[BlackElo "1860"]
[Annotator "NA RC"]
[PlyCount "158"]
[EventDate "2022.06.25"]
[EventType "swiss"]
[EventCountry "POL"]
[SourceTitle "playchess.com"]
[Source "ChessBase"]
[SourceQuality "1"]
[TimeControl "40/5400+30:1800+30"]

1. Nf3 c5 2. g3 Nc6 3. Bg2 e5 4. c4 g6 5. Nc3 Bg7 6. O-O Nge7 7. Ne1 d6 8. Nc2 O-O 9. Ne3 f5 10. d3 f4 11. Ned5 Nxd5 12. Nxd5 Bh6 13. e3 fxg3 14. fxg3 Be6 15. Rxf8+ Bxf8 16. Bd2 Bg7 17. Qf3 Qd7 18. Rf1 Bf5 19. e4 Bg4 20. Nf6+ Bxf6 21. Qxf6 Qe7 22. Bg5 Qxf6 23. Rxf6 Rd8 24. h3 Bc8 25. a3 Kg7 26. Rf2 Re8 27. Bf1 a6 28. Bd2 Be6 29. b4 b5 30. Bc3 Rb8 31. Rb2 Kf6 32. Kg2 Nd4 33. Rf2+ Ke7 34. Bd2 Bd7 35. Bg5+ Ke8 36. Bh6 Ke7 37. Bg5+ Ke8 38. Bh6 Ne6 39. Rb2 Bc6 40. Kf3 Nd4+ 41. Ke3 bxc4 42. dxc4 cxb4 43. axb4 Rxb4 44. Rxb4 Nc2+ 45. Kd3 Nxb4+ 46. Kc3 a5 47. c5 dxc5 48. Bg7 Bxe4 49. Bxe5 Nd5+ 50. Kb3 Ne3 51. Bb5+ Ke7 52. Bc7 Bc2+ 53. Kb2 Bf5 54. Bxa5 Bxh3 55. Be1 Kd6 56. Kc3 Bf1 57. Be8 Nd5+ 58. Kc2 c4 59. Bf7 Bd3+ 60. Kd2 Ke5 61. Bf2 Ke4 62. Bg8 Nf6 63. Be6 Kf3 64. Be1 Ne4+ 65. Kc1 Nxg3 66. Bg8 h5 67. Bd5+ Ne4 68. Bf7 Nd6 69. Bd5+ Be4 70. Be6 Bd3 71. Bd5+ Kg4 72. Be6+ Nf5 73. Kd2 h4 74. Bd5 h3 75. Bf2 h2 76. Bb6 Ng3 77. Be6+ Bf5 78. Bd5 Be4 79. Be6+ Nf5 0-1

[Event "Krakow Championship-B 2022"]
[Site "Krakow"]
[Date "2022.06.30"]
[Round "7.6"]
[White "Cichon, Jakub"]
[Black "Owoc, Jakub"]
[Result "1-0"]
[ECO "B19"]
[WhiteElo "1884"]
[BlackElo "1741"]
[Annotator "NA RC"]
[PlyCount "65"]
[EventDate "2022.06.25"]
[EventType "swiss"]
[EventCountry "POL"]
[SourceTitle "playchess.com"]
[Source "ChessBase"]
[SourceQuality "1"]
[TimeControl "40/5400+30:1800+30"]

1. e4 c6 2. d4 d5 3. Nc3 dxe4 4. Nxe4 Bf5 5. Ng3 Bg6 6. Nf3 Nd7 7. h4 h6 8. h5 Bh7 9. Bd3 Bxd3 10. Qxd3 e6 11. Bd2 Ngf6 12. O-O-O Be7 13. Kb1 Qb6 14. c4 O-O 15. Rhe1 Rfe8 16. Ne4 Rad8 17. g3 c5 18. Be3 cxd4 19. Bxd4 Qa5 20. Qb3 Nxe4 21. Rxe4 Qf5 22. Rde1 e5 23. g4 Qh7 24. Qc2 Bb4 25. R1e2 f6 26. c5 Rc8 27. Nh4 Nf8 28. Qc4+ Re6 29. Ng6 Rce8 30. f4 Ba5 31. f5 Bc7 32. Bc3 b5 33. cxb6 1-0

[Event "Krakow Championship-B 2022"]
[Site "Krakow"]
[Date "2022.06.30"]
[Round "7.7"]
[White "Kulesza, Andrzej"]
[Black "Cichon, Bartlomiej"]
[Result "1/2-1/2"]
[ECO "B66"]
[WhiteElo "1998"]
[BlackElo "1895"]
[Annotator "NA RC"]
[PlyCount "171"]
[EventDate "2022.06.25"]
[EventType "swiss"]
[EventCountry "POL"]
[SourceTitle "playchess.com"]
[Source "ChessBase"]
[SourceQuality "1"]
[TimeControl "40/5400+30:1800+30"]

1. e4 c5 2. Nf3 d6 3. d4 cxd4 4. Nxd4 Nf6 5. Nc3 Nc6 6. Bg5 e6 7. Qd2 a6 8. O-O-O h6 9. Bf4 Bd7 10. Bg3 Rc8 11. f3 Nxd4 12. Qxd4 e5 13. Qd2 Qc7 14. f4 Be7 15. Kb1 Be6 16. f5 Bd7 17. Bh4 Bc6 18. Bxf6 gxf6 19. Be2 b5 20. Rhf1 b4 21. Nd5 Bxd5 22. exd5 Qb6 23. Rf3 a5 24. Rb3 Rb8 25. a3 Kd8 26. c3 Qf2 27. Bd3 Qh4 28. g3 Qg4 29. Qe2 Rg8 30. Rc1 Rg5 31. Qc2 Rc8 32. axb4 axb4 33. Rxb4 Qxb4 34. cxb4 Rxc2 35. Rxc2 Rg4 36. Rc4 Rxc4 37. Bxc4 Kc7 38. Bb5 Kb6 39. Be8 Ka6 40. Kc2 Bd8 41. Kd3 Bb6 42. b5+ Ka5 43. Kc4 Bg1 44. h3 Bf2 45. g4 Be1 46. Bxf7 Bf2 47. Be8 Kb6 48. Kd3 Bh4 49. Ke2 Kc5 50. Bc6 Kb6 51. Kd3 Kc5 52. Ke3 Kb6 53. Ke4 Kc5 54. Kd3 Kb6 55. Kc4 Be1 56. Be8 Bh4 57. g5 hxg5 58. Bh5 Bf2 59. Be2 Bd4 60. b3 Ka5 61. Bf1 Bf2 62. Kc3 Bd4+ 63. Kd2 Kb4 64. Bc4 Kc5 65. Kd3 Kb6 66. Ke4 Kc7 67. Kf3 Kd7 68. Kg4 Ke7 69. Be2 Kf7 70. Kf3 Bb6 71. Ke4 Kg7 72. Bh5 Kh6 73. Bg6 Kg7 74. Kf3 Kh6 75. Kg4 Kg7 76. Kh5 e4 77. Kg4 Kh6 78. Kg3 Kg7 79. Bh5 Kh6 80. Bd1 Kg7 81. Bc2 e3 82. Bd1 Kh7 83. Kg4 Kg7 84. Be2 Kh7 85. h4 gxh4 86. Kxh4 1/2-1/2

[Event "Krakow Championship-B 2022"]
[Site "Krakow"]
[Date "2022.06.30"]
[Round "7.8"]
[White "Al-Hajiri, Bader"]
[Black "Cattaruzzo, Nicolo`"]
[Result "0-1"]
[ECO "A85"]
[WhiteElo "2052"]
[BlackElo "1744"]
[Annotator "NA RC"]
[PlyCount "92"]
[EventDate "2022.06.25"]
[EventType "swiss"]
[EventCountry "POL"]
[SourceTitle "playchess.com"]
[Source "ChessBase"]
[SourceQuality "1"]
[TimeControl "40/5400+30:1800+30"]

1. d4 f5 2. c4 Nf6 3. Nc3 g6 4. Bf4 Bg7 5. h3 d6 6. Nf3 Nc6 7. d5 Nh5 8. Bd2 Ne5 9. Nxe5 dxe5 10. e4 f4 11. h4 h6 12. c5 Bd7 13. Qb3 Bg4 14. Bb5+ Kf8 15. Ne2 Kg8 16. f3 Bc8 17. O-O-O Kh7 18. Rdg1 Bd7 19. Bd3 c6 20. g4 Nf6 21. g5 Nh5 22. gxh6 Bf6 23. dxc6 Be8 24. cxb7 Rb8 25. Nxf4 Nxf4 26. Bxf4 Rg8 27. Be3 Qc7 28. h5 Rxb7 29. Qe6 Rb6 30. Qc4 Rb8 31. hxg6+ Rxg6 32. Rxg6 Bxg6 33. Rg1 Qd7 34. f4 exf4 35. Rxg6 Bxb2+ 36. Kd2 fxe3+ 37. Ke2 Kxg6 38. e5+ Kh5 39. Qf7+ Kh4 40. e6 Qd4 41. Qxe7+ Qf6 42. Qxf6+ Bxf6 43. c6 Rc8 44. Be4 Kg5 45. h7 Kf4 46. Bg2 Rc7 0-1

[Event "Krakow Championship-B 2022"]
[Site "Krakow"]
[Date "2022.06.30"]
[Round "7.9"]
[White "Budkiewicz, Magdalena"]
[Black "Palacki, Rafal"]
[Result "0-1"]
[ECO "C02"]
[WhiteElo "1916"]
[BlackElo "1810"]
[Annotator "NA RC"]
[PlyCount "70"]
[EventDate "2022.06.25"]
[EventType "swiss"]
[EventCountry "POL"]
[SourceTitle "playchess.com"]
[Source "ChessBase"]
[SourceQuality "1"]
[TimeControl "40/5400+30:1800+30"]

1. e4 e6 2. d4 d5 3. e5 c5 4. Nf3 Nc6 5. Bd3 cxd4 6. O-O Nge7 7. Bf4 Ng6 8. Bg3 Be7 9. Nbd2 Nh4 10. Nxh4 Bxh4 11. Qg4 Qg5 12. Qxh4 Qxd2 13. f4 Qb4 14. Rae1 g6 15. f5 exf5 16. e6 Bxe6 17. Qf6 Kd7 18. Bh4 Qe7 19. Qxh8 Rxh8 20. Bxe7 Kxe7 21. h4 h5 22. Rf4 a6 23. a3 Kd6 24. Kh2 Re8 25. Kg3 Re7 26. Re2 Bd7 27. Rff2 Ne5 28. Rd2 Ng4 29. Rf4 Re3+ 30. Rf3 Ke5 31. Re2 f4+ 32. Kh3 Nf2+ 33. Kh2 Nxd3 34. Rexe3+ dxe3 35. cxd3 e2 0-1